 Dungeon Crawl Stone Soup version 0.31-a0-881-ge136f0c47a (webtiles) character file.

Game seed: 2792096919263738274

984 croobank the Covert (level 8, -3/54 HPs)
             Began as an Octopode Delver on Oct 15, 2023.
             Was a Believer of Elyvilon.
             Slain by a vampire (10 damage)
             ... on level 5 of the Dungeon.
             The game lasted 00:11:49 (3631 turns).

croobank the Covert (Octopode Delver)               Turns: 3631, Time: 00:11:49

Health: -3/54      AC:  9    Str: 12    XL:     8   Next: 17%
Magic:  10/12      EV: 14    Int: 14    God:    Elyvilon [**....]
Gold:   193        SH:  0    Dex: 13    Spells: 10/12 levels left

rFire   . . .        e - +1 dagger (venom)
rCold   . . .        (no shield)
rNeg    . . .        (helmet restricted)
rPois   .            (no amulet)
rElec   .            m - +4 ring of protection
rCorr   .            s - +4 ring of protection
SInv    .            (no ring)
Will    .....        (no ring)
Stlth   +++++        (no ring)
HPRegen 0.29/turn    (no ring)
MPRegen 0.13/turn    (no ring)
                     (no ring)

%: no passive effects
@: no status effects
A: almost no armour, amphibious, 8 rings, camouflage 1, gelatinous body 1,
(nimble swimmer 1), tentacles
a: Renounce Religion, Purification, Heal Other


You were on level 5 of the Dungeon.
You worshipped Elyvilon.
Elyvilon was pleased with you.
You visited 1 branch of the dungeon, and saw 6 of its levels.

You collected 193 gold pieces.

Inventory:

Hand Weapons
 a - a +0 short sword
 b - a +0 trident
 e - a +1 dagger of venom (weapon)
 g - a +0 bardiche
 h - a +0 dagger
 n - a +0 sling
 q - a +0 heavy spear
 z - a +0 morningstar
Magical Staves
 t - a staff of earth
Jewellery
 m - a +4 ring of protection (left tentacle)
 s - a +4 ring of protection (right tentacle)
 v - a ring of fire
Wands
 f - a wand of digging (3)
 o - a wand of polymorph (4)
 y - a wand of flame (21)
 A - a wand of mindburst (12)
Scrolls
 c - 3 scrolls of revelation
 d - 5 scrolls of identify {unknown}
 i - a scroll of vulnerability {unknown}
 x - a scroll of amnesia {unknown}
Potions
 j - 2 potions of berserk rage {unknown}
 k - 2 potions of mutation {unknown}
 l - 5 potions of curing {unknown}
 p - a potion of heal wounds {unknown}
 r - a potion of cancellation {unknown}
 u - a potion of brilliance {unknown}
 w - a potion of lignification {unknown}


   Skills:
 + Level 4.4 Fighting
 + Level 3.8 Short Blades
 + Level 4.0 Dodging
 + Level 8.2 Stealth
 * Level 2.7 Spellcasting
 * Level 2.9 Translocations
 * Level 4.0 Invocations


You had 10 spell levels left.
You knew the following spells:

 Your Spells              Type           Power      Damage    Failure   Level
a - Blink                 Tloc           20%        N/A       10%         2

Your spell library contained the following spells:

 Spells                   Type           Power      Damage    Failure   Level
 Dazzling Flash           Conj/Hex       2%         N/A       54%         3
 Manifold Assault         Tloc           10%        N/A       54%         4
 Agony                    Necr           1%         N/A       99%         5
 Silence                  Hex/Air        0%         N/A       99%         5


Dungeon Overview and Level Annotations

Branches:
Dungeon (6/15)
 Temple: D:4-7

Altars:
Elyvilon

Shops:
D:1 (

Annotations:
D:4 Grinder


Innate Abilities, Weirdness & Mutations

You cannot wear most types of armour.
You are amphibious.
You can wear up to eight rings at the same time.
Your skin changes colour to match your surroundings (Stealth+).
Your rubbery body absorbs attacks. (AC +1, EV +1)
((You are camouflaged when in or above water. (Stealth+)))
You have tentacles for arms and can constrict up to eight enemies at once.


Message History

The helpless vampire fails to defend itself.
You impale the vampire!! You grab the vampire. Your squeeze misses the vampire.
The vampire is almost destroyed.
You constrict the vampire, but do no damage.
The vampire draws life force from you!!
The vampire is healed by the life force!
Okay, then.
Okay, then.
You hit the vampire.
The vampire is heavily damaged.
You constrict the vampire. The vampire closely misses you.
The vampire bites you.
The vampire draws strength from your injuries!
You hit the vampire.
The vampire is heavily damaged.
You constrict the vampire, but do no damage.
You hit the vampire.
The vampire is severely damaged.
You constrict the vampire. The vampire casts a spell at you.
You are confused.
You're too confused to move!
You constrict the vampire, but do no damage.
The vampire mumbles some strange words.
The vampire flickers and vanishes!
Deactivating autopickup; reactivate with Ctrl-A.
You hit something. Your squeeze misses something. You constrict something.
Something hits you! Something bites you but does no damage.
You release your grip on something.
You hit something. Your squeeze misses something.
Something draws life force from you!
* * * LOW HITPOINT WARNING * * *
You closely miss something. Something hits you but does no damage.
Something bites you.
* * * LOW HITPOINT WARNING * * *
Something draws strength from your injuries!
You feel purified! Something hits you.
* * * LOW HITPOINT WARNING * * *
Something bites you!
You die... .# #.# ###.. .# #.# ..... #.# .#### #.## #..### ##...# #.#..~P# #.#...P.P #@# ..... #.# ^PPP

#.# ~~~~
#### #.# #
#... ..#
#..# #.#
#..####
#.# ##
#......
#.#
#..#.##.##
#.#
#.##.##.##


There were no monsters in sight!

Vanquished Creatures
  A steam dragon (D:5)
  A black bear (D:5)
  An ogre (D:5)
  A bullfrog (D:6)
  A scorpion (D:5)
  6 orc priests (D:5)
  2 iguanas
  Ijyb (D:4)
  Natasha (twice) (D:4)
  4 orc wizards
  4 gnolls
  2 adders
  A worm (D:2)
  A dart slug (D:4)
  13 orcs
  10 ball pythons
  5 endoplasms
  5 giant cockroaches
  9 goblins
  4 hobgoblins
  3 jackals (D:2)
  4 kobolds
  A quokka (D:1)
  8 bats
  4 frilled lizards
  6 rats
100 creatures vanquished.

Notes
Turn   | Place    | Note
-------+----------+-------------------------------------------
     0 | D:5      | croobank the Octopode Delver began the quest for the Orb.
     0 | D:5      | Reached XP level 1. HP: 16/16 MP: 1/1
     5 | D:6      | Noticed a bullfrog
    17 | D:6      | Killed a bullfrog
    18 | D:6      | Reached skill level 7 in Stealth
    18 | D:6      | Reached XP level 2. HP: 7/21 MP: 2/2
    18 | D:6      | Reached XP level 3. HP: 9/26 MP: 3/3
    18 | D:6      | Reached XP level 4. HP: 11/31 MP: 4/4
   190 | D:4      | Noticed a sky beast
   203 | D:4      | Noticed Grinder
   403 | D:3      | Found a faded altar of an unknown god.
   409 | D:3      | Prayed at the altar of an unknown god.
   409 | D:3      | Became a worshipper of Elyvilon the Healer
   409 | D:3      | Reached * piety under Elyvilon
   587 | D:2      | Reached XP level 5. HP: 37/37 MP: 5/5
   604 | D:1      | Reached skill level 1 in Invocations
   643 | D:1      | Found Lupoca Qeub's Antique Weapon Boutique.
   748 | D:1      | Reached ** piety under Elyvilon
  2207 | D:4      | Reached *** piety under Elyvilon
  2284 | D:4      | Learned a level 2 spell: Blink
  2285 | D:4      | Noticed Ijyb
  2310 | D:4      | Killed Ijyb
  2311 | D:4      | Reached XP level 6. HP: 4/43 MP: 5/7
  2738 | D:4      | Noticed Natasha
  2749 | D:4      | Killed Natasha
  2769 | D:4      | Noticed Natasha
  2778 | D:4      | Killed Natasha
  2779 | D:4      | Reached skill level 1 in Spellcasting
  2779 | D:4      | Reached skill level 1 in Translocations
  2848 | D:5      | Noticed a steam dragon
  2888 | D:5      | Killed a steam dragon
  2889 | D:5      | Reached XP level 7. HP: 29/48 MP: 4/9
  3135 | D:5      | Reached skill level 8 in Stealth
  3197 | D:5      | Reached XP level 8. HP: 34/54 MP: 6/11
  3615 | D:5      | Noticed a vampire
  3631 | D:5      | Slain by a vampire

Illustrated notes

Levels and vault maps discovered:
D:1:      dpeg_arrival_fog, layout_loops_cross, serial_shops, shop,
          roderic_st_hans_cross, hex_tiny
D:2:      layout_basic, serial_curves, eino_curves_02, eino_curves_04,
          eino_curves_01
D:3:      layout_rooms, basic_ecumenical_altar
D:4:      layout_cave_pools, lemuel_doored_altar, minmay_cupped, uniq_natasha,
          uniq_ijyb, uniq_grinder
D:5:      kennysheep_steamy, layout_loops_ring, grunt_tough_drop
D:6:      layout_loops_ring, minmay_temple_entry_purple_smoke, uniq_edmund,
          uniq_sigmund

Skill      XL: |  1  2  3  4  5  6  7  8 |
---------------+-------------------------+-----
Stealth        | 7 8 |  8.2
Invocations    | 2 3 4 |  4.0
Short Blades   | 3 |  3.8
Dodging        | 3 4 |  4.0
Fighting       | 4 |  4.4
Spellcasting   | 1 2 |  2.7
Translocations | 1 2 |  2.9

Action                     |  1- 3 |  4- 6 |  7- 9 || total
---------------------------+-------+-------+-------++-------
  Melee: Short sword       |     8 |   192 |    66 ||   266
         Tentacles         |     3 |    41 |    29 ||    73
         Constrict         |     1 |    33 |    19 ||    53
         Punch             |     1 |     3 |     4 ||     8
         Dagger            |       |       |     7 ||     7
 Invoke: Heal Other        |       |     2 |     1 ||     3
         Heal Self         |       |     3 |     1 ||     4
         Purification      |       |       |     2 ||     2
    Use: Potion            |     1 |     2 |       ||     3
         Scroll            |       |     2 |       ||     2
   Stab: Sleeping          |       |    25 |     4 ||    29
         Distracted        |       |       |     1 ||     1
 Armour: Skin              |     3 |    80 |    41 ||   124
  Dodge: Dodged            |     3 |   125 |    47 ||   175

Table legend: (Time is in decaauts)
 A = Elapsed time spent in this place.
 B = Non-inter-level travel time spent in this place.
 C = Inter-level travel time spent in this place.
 D = Time resting spent in this place.
 E = Time spent auto-exploring this place.
 F = Levels seen in this place.
 G = Mean time per level.
                   A        B        C        D        E       F      G
               +--------+--------+--------+--------+--------+-----+--------+
         Total |   3529 |   3457 |     72 |    873 |   1726 |   6 |  588.2 |
       Dungeon |   3529 |   3457 |     72 |    873 |   1726 |   6 |  588.2 |
               +--------+--------+--------+--------+--------+-----+--------+

Top non-repeatable levels by time:
     D:3: 873 daAuts
     D:5: 805 daAuts
     D:2: 742 daAuts
     D:1: 645 daAuts
     D:4: 335 daAuts
     D:6: 128 daAuts
